 Dungeon Crawl Stone Soup version 0.22-a0-605-g9281fa2 (webtiles) character file.

85 EuclidGuy the Grave Robber (level 4, -2/38 HPs)
             Began as a Deep Dwarf Necromancer on July 8, 2018.
             Slain by Edmund
             ... wielding a +3 flail of venom
              (11 damage)
             ... on level 4 of the Dungeon.
             The game lasted 00:20:02 (2948 turns).

EuclidGuy the Grave Robber (Deep Dwarf Necromancer) Turns: 2948, Time: 00:20:03

Health: -2/38      AC:  2    Str: 11    XL:     4   Next: 25%
Magic:  0/7        EV: 13    Int: 17    God:
Gold:   127        SH:  0    Dex: 13    Spells: 3/7 levels left

rFire    . . .     SeeInvis .   i - +0 long sword
rCold    . . .     Gourm    .   (no shield)
rNeg     . . .     Faith    .   a - +0 robe
rPois    .         Spirit   .   (no helmet)
rElec    .         Reflect  .   (no cloak)
rCorr    .         Harm     .   (no gloves)
MR       .....                  (no boots)
Stlth    ++........             (no amulet)
HPRegen  0.00/turn              (no ring)
MPRegen  0.10/turn              (no ring)

@: lethally poisoned (-2 -> -2), non-regenerating
A: damage resistance, heal wounds, sense surroundings 1, no regeneration
a: Heal Wounds


You were on level 4 of the Dungeon.
You were very hungry.

You visited 1 branch of the dungeon, and saw 4 of its levels.

You collected 127 gold pieces.

Inventory:

Hand Weapons
 i - a +0 long sword (weapon)
Missiles
 h - 16 poisoned needles
Armour
 a - a +0 robe (worn)
Scrolls
 b - 6 scrolls of identify {unknown}
 d - a scroll of blinking {unknown}
 e - 2 scrolls of remove curse {unknown}
 f - a scroll of noise {unknown}
 g - a scroll of teleportation {unknown}
Potions
 j - a potion of brilliance {unknown}
Comestibles
 c - 5 rations


   Skills:
 + Level 1.0 Fighting
 + Level 2.9 Dodging
 + Level 3.2 Stealth
 - Level 2.0 Spellcasting
 + Level 5.3 Necromancy


You had 3 spell levels left.
You knew the following spells:

 Your Spells              Type           Power        Failure   Level  Hunger
a - Pain                  Necr           ###.         2%          1    #......
b - Vampiric Draining     Necr           ###.......   6%          3    ###....

Your spell library contained the following spells:

 Spells                   Type           Power        Failure   Level  Hunger
 Animate Dead             Necr           N/A          22%         4    #####..
 Animate Skeleton         Necr           N/A          2%          1    #......
 Regeneration             Chrm/Necr      ##........   19%         3    ###....


Dungeon Overview and Level Annotations

Branches:
Dungeon (4/15)
 Temple: D:4-7

Altars:

Annotations:
D:3 Sigmund
D:4 Edmund


Innate Abilities, Weirdness & Mutations

You are resistant to damage.
You can heal yourself by infusing magical energy.
You passively map a small area around you.
You do not regenerate.


Message History

Level annotation: Edmund Edmund says, "People accused me of being a cutpurse!"
Edmund hits you with a flail of venom!
* * * LOW HITPOINT WARNING * * *
You are poisoned.
There is a stone staircase leading up, spattered with blood here.
Casting: Pain (safe; 2% risk of failure)
Confirm with . or Enter, or press ? or * to list all spells.
Aiming: Pain (safe; 2% risk of failure)
Press: ? - help, Shift-Dir - straight line, f - Edmund
Aim: Edmund, wielding a flail of venom and wearing a chain mail (chance to defeat MR: 78%) Edmund writhes in agony!
Edmund barely misses you.
Casting: Pain (safe; 2% risk of failure)
Confirm with . or Enter, or press ? or * to list all spells.
Aiming: Pain (safe; 2% risk of failure)
Press: ? - help, Shift-Dir - straight line, f/p - Edmund
Aim: Edmund, wielding a flail of venom and wearing a chain mail (lightly wounded, chance to defeat MR: 78%) Edmund writhes in agony!
The goblin hits you with a club. Edmund hits you with a flail of venom!
You die...

..........#.........#
..######.##.........#
### ..##.........# +
.###.........# ## * *
#.........#..(,
#...........##, ,
###......#.... , * *
#...@g...... , *
##..@##.#.## * * * *
#####*.#,# * * .#, *
* *, , , , * * * ,* *
* * * ,


You could see Edmund and a goblin.

Vanquished Creatures
  A gnoll (D:3)
  An adder (D:2)
  An ooze (D:1)
  A worm (D:2)
  A dart slug (D:2)
  2 leopard geckos
  An orc (D:3)
  A ball python (D:2)
  4 giant cockroaches
  8 goblins
  6 hobgoblins
  2 jackals (D:1)
  2 quokkas (D:2)
  6 bats
  2 frilled lizards (D:1)
  7 kobolds
  3 rats
49 creatures vanquished.

Notes
Turn   | Place    | Note
-------+----------+-------------------------------------------
     0 | D:1      | EuclidGuy the Deep Dwarf Necromancer began the quest for the Orb.
     0 | D:1      | Reached XP level 1. HP: 15/15 MP: 3/3
   169 | D:1      | Reached XP level 2. HP: 22/22 MP: 0/4
   410 | D:1      | Reached skill level 5 in Necromancy
  1187 | D:1      | Reached XP level 3. HP: 7/28 MP: 4/6
  1192 | D:1      | Learned a level 3 spell: Vampiric Draining
  2439 | D:2      | Reached XP level 4. HP: 22/37 MP: 0/7
  2846 | D:3      | Reached skill level 1 in Fighting
  2907 | D:4      | Noticed Edmund
  2938 | D:3      | Noticed Sigmund
  2948 | D:4      | Slain by Edmund

Vault maps used:
D:1:      dpeg_arrival_three_bigger_balls
D:3:      portal_sewer_entry_c, uniq_sigmund
D:4:      kennysheep_mini, lemuel_doored_altar, lemuel_coloured_pillars_altar,
          serial_shops, shop, uniq_edmund, uniq_grinder, uniq_ijyb

Skill      XL: |  1  2  3  4 |
---------------+-------------+-----
Necromancy     | 5 |  5.3
Spellcasting   | 2 |  2.0
Stealth        | 3 |  3.2
Fighting       | 1 |  1.0
Dodging        | |  2.9

Action                   |  1- 3 |  4- 6 || total
-------------------------+-------+-------++-------
Melee: Unarmed           |    12 |       ||    12
 Cast: Pain              |    74 |     6 ||    80
       Vampiric Draining |    14 |     5 ||    19
  Eat: Chunk             |     2 |       ||     2
       Ration            |     2 |       ||     2
Armor: Robe              |    21 |       ||    21
Dodge: Dodged            |    59 |     4 ||    63

Table legend:
 A = Spawn XP
 B = Non-spawn XP
 C = Spawn XP percentage of total XP
 D = Spawn monster count
 E = Non-spawn monster count
 F = Spawn count percentage of total count
 G = Total turns spent on level
                    A         B        C        D         E        F      G
               +---------+---------+-------+---------+---------+-------+---------
         Total |       0 |     122 |   0.0 |       0 |      49 |   0.0 |  2948
               +---------+---------+-------+---------+---------+-------+---------
           D:1 |       0 |      50 |   0.0 |       0 |      27 |   0.0 |  1471
           D:2 |       0 |      49 |   0.0 |       0 |      17 |   0.0 |  1349
           D:3 |       0 |      23 |   0.0 |       0 |       5 |   0.0 |    70
               +---------+---------+-------+---------+---------+-------+---------
